 Dungeon Crawl Stone Soup version 0.30-a0-540-g0af01429fa (webtiles) character file.

Game seed: 18086923700874309814

116879 porpoise the Eye of the Storm (level 16, -14/153 HPs)
             Began as a Hill Orc Monk on Dec 25, 2022.
             Was a Priest of Qazlal.
             Demolished by a spriggan berserker
             ... wielding a +0 rapier
              (27 damage)
             ... on level 2 of the Swamp.
             The game lasted 01:55:17 (27158 turns).

porpoise the Eye of the Storm (Hill Orc Monk)      Turns: 27158, Time: 01:55:17

Health: -14/153    AC: 18    Str: 22    XL:     16   Next: 72%
Magic:  30/30      EV: 17    Int: 10    God:    Qazlal [***...]
Gold:   1532       SH:  6    Dex: 17    Spells: 15/15 levels left

rFire   + + .      SeeInvis .    a - +9 battleaxe "Fatuar" {vorpal, Dex+4}
rCold   + . .      Faith    .    (shield currently unavailable)
rNeg    . . .      Spirit   .    v - +0 swamp dragon scales
rPois   +          Reflect  .    g - +0 helmet
rElec   .          Harm     .    O - scarf {rC+ rF+}
rCorr   .          Rampage  .    T - +1 pair of gloves
Will    +....                    j - +0 pair of boots
Stlth   +                        I - amulet of regeneration
HPRegen 1.25/turn                h - ring of flight
MPRegen 0.22/turn                i - ring of the Octopus King {rF+ HP+2 AC+2 EV+2 SH+2}

@: flying
A: no striking features
a: Renounce Religion, Upheaval, Elemental Force


You were on level 2 of the Swamp.
You worshipped Qazlal.
Qazlal was most pleased with you.
You visited 5 branches of the dungeon, and saw 25 of its levels.
You also visited: Sewer and Bailey.

You collected 2702 gold pieces.
You spent 1170 gold pieces at shops.

Inventory:

Hand Weapons
 a - the +9 battleaxe "Fatuar" (weapon) {vorpal, Dex+4}
   (You bought it in a shop on level 2 of the Orcish Mines)

   It inflicts extra damage upon your enemies.
   Dex:       It affects your dexterity (+4).
 b - a +6 sling
 w - a +2 scimitar of flaming
Missiles
 y - 15 boomerangs (quivered)
 L - 6 curare-tipped darts
Armour
 g - a +0 helmet (worn)
 j - a +0 pair of boots (worn)
 v - +0 swamp dragon scales (worn)
 N - a +3 chain mail of poison resistance
 O - a scarf of resistance (worn)
 T - a +1 pair of gloves (worn)
Jewellery
 h - a ring of flight (left hand)
 i - a ring of the Octopus King (right hand) {rF+ HP+2 AC+2 EV+2 SH+2}
   (You took it off an orc warrior on level 1 of the Orcish Mines)

   [ring of protection from fire]

   AC:        It affects your AC (+2).
   EV:        It affects your evasion (+2).
   rF:        It protects you from fire.
   HP:        It affects your health (+2).
   SH:        It affects your SH (+2).
 k - a ring of ice
 F - a +6 ring of strength
 I - an amulet of regeneration (around neck)
Wands
 o - a wand of roots (33)
 B - a wand of polymorph (9)
 D - a wand of quicksilver (30)
 P - a wand of paralysis (17)
 S - a wand of mindburst (1)
 V - a wand of flame (19)
Scrolls
 d - 5 scrolls of fear
 e - a scroll of fog
 f - 11 scrolls of identify
 m - 2 scrolls of vulnerability
 q - 3 scrolls of poison
 r - a scroll of immolation
 s - 7 scrolls of magic mapping
 t - 10 scrolls of teleportation
 x - 4 scrolls of butterflies
Potions
 c - 5 potions of ambrosia
 l - a potion of mutation
 n - 8 potions of might
 p - 2 potions of attraction
 z - 5 potions of curing
 A - a potion of lignification
 C - 3 potions of resistance
 E - 3 potions of haste
 G - 2 potions of brilliance
 H - 4 potions of cancellation
 M - 5 potions of invisibility
Miscellaneous
 R - a lightning rod (4/4)


   Skills:
 - Level 16.0 Fighting
 - Level 16.0 Axes
 + Level 4.1 Throwing
 - Level 12.0 Armour
 - Level 7.0 Dodging
 - Level 1.5 Stealth
 - Level 9.0 Shields
 + Level 20.7 Invocations
 - Level 7.0 Evocations


You had 15 spell levels left.
You didn't know any spells.
Your spell library contained the following spells:

 Spells                   Type           Power      Damage    Failure   Level
 Apportation              Tloc           0%         N/A       47%         1
 Magic Dart               Conj           0%         1d3       47%         1
 Call Imp                 Summ           0%         N/A       63%         2
 Ensorcelled Hibernation  Hex/Ice        0%         N/A       63%         2
 Passwall                 Tmut/Erth      0%         N/A       63%         2
 Call Canine Familiar     Summ           0%         N/A       85%         3
 Ignite Poison            Fire/Tmut/Pois 0%         N/A       85%         3
 Mephitic Cloud           Conj/Pois/Air  0%         N/A       85%         3
 Portal Projectile        Hex/Tloc       0%         N/A       85%         3
 Spider Form              Tmut/Pois      0%         N/A       85%         3
 Swiftness                Air            0%         N/A       85%         3
 Tukima's Dance           Hex            0%         N/A       85%         3
 Anguish                  Hex/Necr       0%         N/A       99%         4
 Leda's Liquefaction      Hex/Erth       0%         N/A       99%         4
 Manifold Assault         Tloc           0%         N/A       99%         4
 Sticky Flame             Conj/Fire      0%         2d3       99%         4
 Summon Ice Beast         Ice/Summ       0%         N/A       99%         4
 Summon Lightning Spire   Summ/Air       0%         N/A       99%         4
 Alistair's Intoxication  Tmut/Pois      0%         N/A       100%        5
 Blade Hands              Tmut           0%         N/A       100%        5
 Fireball                 Conj/Fire      0%         3d3       100%        5
 Iskenderun's Battlesphe  Conj           0%         2d6       100%        5
 Summon Forest            Summ/Tloc      0%         N/A       100%        5
 Summon Mana Viper        Hex/Summ       0%         N/A       100%        5
 Conjure Ball Lightning   Conj/Air       0%         3x3d6     100%        6
 Dispersal                Tloc           0%         N/A       100%        6
 Eringya's Noxious Bog    Tmut/Pois      0%         N/A       100%        6
 Summon Cactus Giant      Summ           0%         N/A       100%        6
 Monstrous Menagerie      Summ           0%         N/A       100%        7
 Orb of Destruction       Conj           0%         9d5       100%        7
 Storm Form               Tmut/Air       0%         N/A       100%        7
 Summon Hydra             Summ           0%         N/A       100%        7
 Disjunction              Tloc           0%         N/A       100%        8
 Ignition                 Fire           0%         3d3       100%        8
 Maxwell's Capacitive Co  Air            0%         ∞         100%        8
 Chain Lightning          Conj/Air       0%         N/A       100%        9
 Fire Storm               Conj/Fire      0%         5d1       100%        9
 Shatter                  Erth           0%         3d5*      100%        9


Dungeon Overview and Level Annotations

Branches:
Dungeon (15/15)            Temple (1/1) D:4            Lair (5/5) D:10
  Swamp (2/4) Lair:2       Spider (0/4) Lair:2        Slime (0/5) Lair:4
    Orc (2/2) D:10            Elf (0/3) Orc:2        Vaults (0/5) D:14
 Depths (0/4) D:15          Sewer (visited)          Bailey (visited)

Altars:
Ashenzari
Cheibriados
Elyvilon
Fedhas
Gozag
Hepliaklqana
Kikubaaqudgha
Makhleb
Okawaru
Qazlal
Sif Muna
Trog
Vehumet
Wu Jian
Xom
Yredelemnul
The Shining One
Beogh
Jiyva

Shops:
D:1 ((?   D:9 *   Orc:2 [(*=

Portals:
Trove: D:11 (give 18 scrolls of teleportation)

Annotations:
D:2 Sigmund
D:6 2 transporters
D:11 2 transporters, exclusions: 2 ice statues and oklob plant, ragingrage's ghost, journeyman HOFi
Swamp:2 Roxanne


Message History

You miss the spriggan berserker.
The spriggan berserker is lightly wounded.
You barely miss the death yak.
The death yak is engulfed in freezing vapours.
The death yak gores you!!
The spriggan berserker barely misses you.
The death yak is engulfed in freezing vapours.
The death yak barely misses you.
You slash the spriggan berserker!
The spriggan berserker is moderately wounded.
You completely miss the death yak.
The spriggan berserker hits you with a +0 rapier!
* * * LOW HITPOINT WARNING * * *
The death yak is engulfed in freezing vapours.
You block the death yak's attack.
You slice the spriggan berserker!!
The spriggan berserker is severely wounded.
You slash the death yak!
You block the spriggan berserker's attack.
The death yak gores you but does no damage.
The spriggan berserker hits you with a +0 rapier!
* * * LOW HITPOINT WARNING * * *
Unknown command.
Okay, then.
Okay, then.
Unknown command.
Okay, then.
You feel much better. The death yak gores you!!
* * * LOW HITPOINT WARNING * * *
The spriggan berserker barely misses you.
The death yak gores you.
* * * LOW HITPOINT WARNING * * *
You barely miss the spriggan berserker.
The spriggan berserker is heavily wounded.
You slash the death yak!
The spriggan berserker hits you with a +0 rapier!
* * * LOW HITPOINT WARNING * * *
The death yak barely misses you.
The spriggan berserker hits you with a +0 rapier!!
You die...

..~~~~~~~§~~
~~~~~~~~~~§~ ~~~.♣§~.~~~
~~~~~~~~~~~~ ......~~~~
~~~<.......♣ ..~~~~~~♣
~~~...♣♣♣♣♣ .~ ~~~~~~.♣
~~)†~♣♣ ♣.~~♣ .~§~~.♣
~~.♣♣♣ ♣~~.♣♣♣>~~~♣
.~.♣♣♣♣♣♣♣♣.~♣~♣§Y.~♣♣♣
..♣♣♣~~.♣♣~..~~§@i.~..♣♣
...♣♣~§..).~~~~~☼~.~~~$♣
..~~......~~~~~~§~##~~.♣
..~~..~.)~~~~.†.♣♣# ~.♣
.♣~..§~§~~.~..~.♣.# ♣
~.♣~..~~♣[...~....#
~.♣♣♣♣~♣♣~...~~...# .[♣
♣..~~~~§~....#
~..♣~..~~~~~####.##


You could see a death yak (summoned, berserk) and a spriggan berserker (berserk,
regenerating, strong-willed).

Vanquished Creatures
  Jorgrun (D:15)
  A thorn hunter (Swamp:1)
  A fenstrider witch (Swamp:2)
  3 orc warlords
  An ironbound preserver (D:14)
  An eleionoma (Swamp:1)
  The ghost of jejorda2 the Phalangite, a journeyman MfBe of Trog (D:13)
  A dire elephant (D:15)
  A minotaur (Orc:2)
  The ghost of Ideihu the Fighter, a journeyman DjFE of Makhleb (D:13)
  Josephine (D:14)
  A rakshasa (D:14)
  The ghost of Adieghoukh the Grappler, a journeyman DrTm of Ru (D:13)
  11 hydras
  The ghost of Ucehow the Fighter, a journeyman VSBr of Gozag (D:13)
  2 ghost crabs (Swamp:1)
  2 alligators (Swamp:1)
  5 centaur warriors
  A catoblepas (D:13)
  4 boulder beetles
  Erica (D:8)
  A death knight (D:15)
  3 death yaks
  2 tengu warriors (D:14)
  4 two-headed ogres
  3 orc high priests
  Urug (Lair:5)
  5 skeletal warriors
  4 goliath frogs
  A spriggan druid (Swamp:2)
  A swamp dragon (Swamp:1)
  3 bog bodies (Swamp:1)
  Pikel (D:7)
  A deep elf pyromancer (D:12)
  7 orc knights
  2 lindwurms
  5 orc sorcerers
  4 manticores
  A salamander (D:15)
  12 ugly things
  5 cyclopes
  8 elephants
  3 molten gargoyles
  7 black mambas
  Maggie (D:6)
  2 unseen horrors
  14 cane toads
  A rime drake (Lair:1)
  An efreet (D:14)
  10 komodo dragons
  2 tengu conjurers (D:14)
  3 polar bears
  A tyrant leech (Swamp:2)
  A bloated husk (Swamp:1)
  6 trolls
  5 hornets
  14 blink frogs
  15 slime creatures
  2 centaur simulacra
  3 culicivoras (Lair:2)
  3 spriggans
  A culicivora (shapeshifter) (D:15)
  A shadow (D:11)
  10 wyverns
  A yak (shapeshifter) (D:14)
  2 vampires
  Eustachio (D:6)
  40 yaks
  6 wraiths
  4 basilisks
  4 steam dragons
  9 vampire mosquitoes
  4 wargs (Orc:1)
  4 acid dragons
  16 water moccasins
  7 swamp worms
  4 hell hounds (Lair:5)
  Duvessa (D:6)
  A swamp drake (Swamp:1)
  48 orc warriors
  3 sky beasts (D:7)
  4 black bears
  10 wolves
  9 ogres
  6 centaurs
  A lemure (D:7)
  A phantom (Temple)
  3 kobold brigands
  Blork the orc (D:4)
  10 bullfrogs
  2 gnoll sergeants
  A scorpion (D:5)
  3 necrophages
  9 wights
  Dowan (D:6)
  7 killer bees
  2 howler monkeys
  2 electric eels (Lair:2)
  4 lava snakes (Lair:5)
  3 jellies
  2 gnoll boudas
  2 hounds
  28 orc priests
  3 iguanas
  25 orc wizards
  Robin (D:2)
  16 gnolls
  3 river rats
  7 adders
  A shadow imp (D:6)
  A white imp (D:7)
  An ufetubus (D:4)
  4 worms
  2 dart slugs
  92 orcs
  9 ball pythons
  4 endoplasms
  3 giant cockroaches
  13 goblins
  10 hobgoblins
  3 quokkas
  2 bats
  6 frilled lizards (D:2)
  24 kobolds
  7 rats
725 creatures vanquished.

Vanquished Creatures (collateral kills)
  The ghost of Shayle the Brooding, a journeyman DsRe of Hepliaklqana (Orc:2)
  The ghost of arthad the Geomancer, a journeyman GrEE of Gozag (D:13)
  A fire dragon (Lair:5)
  2 death yaks (Lair:4)
  An orc high priest (Orc:2)
  2 skeletal warriors (D:15)
  3 orc knights (Orc:2)
  A komodo dragon (Lair:5)
  A yak (Lair:5)
  A spriggan (Swamp:2)
  A swamp worm (Swamp:2)
  7 orc warriors
  2 ogres
  An orc priest (Orc:2)
  2 orc wizards (Orc:2)
  3 orcs (Orc:2)
30 creatures vanquished.

Vanquished Creatures (others)
  A lava snake (Lair:5)
  11 fungi
  42 plants
  8 toadstools (Swamp:1)
62 creatures vanquished.

Grand Total: 817 creatures vanquished

Notes
Turn   | Place    | Note
-------+----------+-------------------------------------------
     0 | D:1      | porpoise the Hill Orc Monk began the quest for the Orb.
     0 | D:1      | Reached XP level 1. HP: 19/19 MP: 1/1
   187 | D:1      | Found Pelotoim's Antique Weapon Emporium.
   286 | D:1      | Found Vachofa's Antique Weapon Emporium.
   297 | D:1      | Reached XP level 2. HP: 26/27 MP: 2/2
   455 | D:1      | Found Xoruj's Magic Scroll Shop.
   828 | D:2      | Reached skill level 5 in Axes
   900 | D:2      | Noticed Robin
   905 | D:2      | Reached XP level 3. HP: 19/33 MP: 3/3
  1157 | D:2      | Killed Robin
  1378 | D:2      | Reached XP level 4. HP: 41/41 MP: 4/4
  1875 | D:2      | Noticed Sigmund
  2352 | D:3      | Reached XP level 5. HP: 47/47 MP: 5/5
  2717 | D:3      | Found a basalt altar of Yredelemnul.
  2720 | D:3      | Found a white marble altar of Elyvilon.
  2725 | D:3      | Found a broken altar of Ashenzari.
  2725 | D:3      | Found an ancient bone altar of Kikubaaqudgha.
  2795 | D:4      | Reached skill level 5 in Fighting
  2967 | D:4      | Found a staircase to the Ecumenical Temple.
  2972 | D:4      | Noticed a phantom
  2977 | Temple   | Entered the Ecumenical Temple
  2994 | Temple   | Killed a phantom
  2995 | Temple   | Reached XP level 6. HP: 49/56 MP: 6/6
  3056 | Temple   | Became a worshipper of Qazlal Stormbringer
  3056 | Temple   | Reached * piety under Qazlal
  3056 | Temple   | Reached ** piety under Qazlal
  3097 | D:4      | Found a shimmering altar of Xom.
  3224 | D:4      | Noticed Blork the orc
  3236 | D:4      | Killed Blork the orc
  3671 | D:4      | Reached XP level 7. HP: 62/63 MP: 7/7
  4556 | D:5      | Entered Level 5 of the Dungeon
  4670 | D:5      | Found a glowing drain.
  4678 | Sewer    | Entered a sewer
  4926 | Sewer    | Reached *** piety under Qazlal
  4934 | Sewer    | Reached skill level 10 in Axes
  5014 | Sewer    | Reached XP level 8. HP: 40/73 MP: 8/8
  6388 | D:5      | Found a blossoming altar of Fedhas.
  6687 | D:6      | Noticed Dowan
  6690 | D:6      | Noticed Duvessa
  6818 | D:6      | Noticed Maggie
  6843 | D:6      | Killed Maggie
  6844 | D:6      | Reached XP level 9. HP: 27/82 MP: 9/9
  7044 | D:6      | Noticed Eustachio
  7056 | D:6      | Killed Eustachio
  7133 | D:6      | Found a glowing golden altar of the Shining One.
  7187 | D:6      | Killed Duvessa
  7203 | D:6      | Killed Dowan
  7207 | D:6      | Reached **** piety under Qazlal
  7341 | D:6      | Found a transporter.
  7347 | D:6      | Noticed a kobold demonologist
  7358 | D:6      | Found a transporter.
  7839 | D:7      | Reached skill level 15 in Axes
  7937 | D:7      | Noticed Pikel
  7969 | D:7      | Killed Pikel
  7970 | D:7      | Reached skill level 1 in Invocations
  7970 | D:7      | Reached XP level 10. HP: 83/91 MP: 9/11
  8005 | D:7      | Reached skill level 1 in Armour
  8005 | D:7      | Reached skill level 2 in Invocations
  8285 | D:8      | Reached skill level 3 in Invocations
  8395 | D:8      | Reached skill level 4 in Invocations
  8493 | D:8      | Noticed Erica
  8504 | D:8      | Reached skill level 5 in Invocations
  8520 | D:8      | Reached skill level 6 in Invocations
  8529 | D:8      | Killed Erica
  8530 | D:8      | Reached skill level 7 in Invocations
  8584 | D:8      | Found a flagged portal.
  8594 | Bailey   | Entered a bailey
  8608 | Bailey   | Reached ***** piety under Qazlal
  8678 | Bailey   | Reached XP level 11. HP: 76/97 MP: 16/16
  8698 | Bailey   | Reached skill level 8 in Invocations
  8750 | Bailey   | Noticed an orc knight
  8751 | Bailey   | Noticed an orc knight
  8765 | Bailey   | Killed an orc knight
  8766 | Bailey   | Reached skill level 5 in Armour
  8766 | Bailey   | Killed an orc knight
  8767 | Bailey   | Reached skill level 9 in Invocations
  9352 | D:8      | Found a burning altar of Makhleb.
  9640 | D:9      | Noticed a two-headed ogre
  9650 | D:9      | Killed a two-headed ogre
  9651 | D:9      | Reached skill level 5 in Dodging
  9724 | D:9      | Reached skill level 10 in Invocations
  9809 | D:9      | Found a bloodstained altar of Trog.
  9904 | D:9      | Found Fasof's Fabulous Fripperies.
  9928 | D:9      | Reached skill level 1 in Shields
 10227 | D:9      | Found a broken altar of Ashenzari.
 10510 | D:10     | Entered Level 10 of the Dungeon
 10580 | D:10     | Found a staircase to the Lair.
 10606 | D:10     | Reached skill level 11 in Invocations
 11065 | D:10     | Found a staircase to the Orcish Mines.
 11105 | D:10     | Found a roughly hewn altar of Beogh.
 11193 | D:10     | Found a hazy altar of Hepliaklqana.
 11695 | Lair:1   | Entered Level 1 of the Lair of Beasts
 11718 | Lair:1   | Reached XP level 12. HP: 52/104 MP: 20/20
 11784 | Lair:1   | Reached skill level 12 in Invocations
 11794 | Lair:1   | Identified the +0 ring mail of Wukk {rElec rPois rN+}
 11888 | Lair:1   | Reached skill level 1 in Evocations
 12481 | Lair:2   | Reached skill level 10 in Fighting
 12537 | Lair:2   | Found a staircase to the Swamp.
 12627 | Lair:2   | Reached skill level 13 in Invocations
 12890 | Lair:2   | Reached skill level 5 in Evocations
 13166 | Lair:2   | Reached skill level 14 in Invocations
 13564 | Lair:2   | Found a hole to the Spider Nest.
 13642 | Lair:3   | Reached XP level 13. HP: 116/116 MP: 23/23
 13934 | Lair:3   | Reached skill level 5 in Shields
 14799 | Lair:4   | Found a viscous altar of Jiyva.
 14800 | Lair:4   | Found a staircase to the Slime Pits.
 14859 | Lair:4   | Found a blossoming altar of Fedhas.
 15092 | Lair:4   | Identified the +8 halberd "Bankiwko" {flame, rN+}
 15712 | Lair:5   | Entered Level 5 of the Lair of Beasts
 15878 | Lair:5   | Reached XP level 14. HP: 120/129 MP: 25/25
 15897 | Lair:5   | Noticed Urug
 15914 | Lair:5   | Killed Urug
 15917 | Lair:5   | Reached skill level 15 in Invocations
 16547 | Lair:5   | Found a large runed translucent door.
 16548 | Lair:5   | Found a large runed translucent door.
 17276 | D:11     | Found a transporter.
 17351 | D:11     | Noticed ragingrage's ghost (journeyman HOFi)
 17556 | D:11     | Found a portal to a secret trove of treasure.
 17586 | D:11     | Found a transporter.
 18346 | D:12     | Reached skill level 16 in Invocations
 18760 | D:12     | Reached skill level 10 in Armour
 20066 | D:13     | Reached ****** piety under Qazlal
 20082 | D:13     | Found a runed translucent gate.
 20083 | D:13     | Found a runed translucent gate.
 20086 | D:13     | Found a runed translucent gate.
 20087 | D:13     | Noticed jejorda2's ghost (journeyman MfBe)
 20087 | D:13     | Noticed arthad's ghost (journeyman GrEE)
 20087 | D:13     | Noticed Ideihu's ghost (journeyman DjFE)
 20087 | D:13     | Noticed Adieghoukh's ghost (journeyman DrTm)
 20088 | D:13     | Noticed Ucehow's ghost (journeyman VSBr)
 20587 | D:13     | Killed Ucehow's ghost
 20594 | D:13     | Killed Adieghoukh's ghost
 20599 | D:13     | Killed Ideihu's ghost
 20600 | D:13     | Reached XP level 15. HP: 138/138 MP: 23/27
 20623 | D:13     | HP: 4/138 [jejorda2's ghost (19)]
 20626 | D:13     | Killed jejorda2's ghost
 20631 | D:13     | Killed arthad's ghost
 20752 | D:13     | Identified the +1 chain mail "Riugokof" {Str+5}
 20946 | D:14     | Noticed Josephine
 20965 | D:14     | Killed Josephine
 20966 | D:14     | Reached skill level 17 in Invocations
 21595 | D:14     | Found a gate to the Vaults.
 21924 | D:14     | Found the +7 mace of Variability {chain chaos}
 22152 | D:15     | Entered Level 15 of the Dungeon
 22395 | D:15     | Noticed Jorgrun
 22406 | D:15     | Killed Jorgrun
 22467 | D:15     | Reached skill level 18 in Invocations
 22651 | D:15     | Found a staircase to the Depths.
 23595 | Orc:1    | Entered Level 1 of the Orcish Mines
 23781 | Orc:1    | Noticed an orc warlord
 23789 | Orc:1    | Killed an orc warlord
 23790 | Orc:1    | Reached skill level 15 in Fighting
 23800 | Orc:1    | Noticed an orc warlord
 23814 | Orc:1    | Reached XP level 16. HP: 101/149 MP: 23/29
 23835 | Orc:1    | Reached skill level 19 in Invocations
 23897 | Orc:1    | Found the ring of the Octopus King {rF+ HP+2 AC+2 EV+2
                  | SH+2}
 24234 | Orc:2    | Entered Level 2 of the Orcish Mines
 24271 | Orc:2    | Found a roughly hewn altar of Beogh.
 24451 | Orc:2    | Found Qoippiu's Antique Weapon Shop.
 24593 | Orc:2    | Found a runed translucent gate.
 24593 | Orc:2    | Found a runed translucent gate.
 24594 | Orc:2    | Found a runed translucent gate.
 24599 | Orc:2    | Noticed Shayle's ghost (journeyman DsRe)
 24606 | Orc:2    | Found a staircase to the Elven Halls.
 24684 | Orc:2    | Found Puarr's Jewellery Shop.
 24699 | Orc:2    | Found Teihin's General Store.
 24763 | Orc:2    | Found a runed translucent door.
 24927 | Orc:2    | Found Tewosoq's Antique Armour Shop.
 24934 | Orc:2    | Bought a glowing hat for 217 gold pieces
 24934 | Orc:2    | Bought a glowing scale mail for 217 gold pieces
 24934 | Orc:2    | Bought a glowing chain mail for 232 gold pieces
 25307 | Orc:2    | Found a roughly hewn altar of Beogh.
 25464 | Orc:2    | Killed Shayle's ghost
 25465 | Orc:2    | Reached skill level 20 in Invocations
 25703 | Orc:2    | Bought a runed war axe for 182 gold pieces
 25709 | Orc:2    | Bought a scorched battleaxe for 322 gold pieces
 25709 | Orc:2    | Identified the +9 battleaxe "Fatuar" {vorpal, Dex+4} (You
                  | bought it in a shop on level 2 of the Orcish Mines)
 25839 | Lair:1   | Upgraded the game from 0.30-a0-534-gdc55766716 to
                  | 0.30-a0-540-g0af01429fa
 25881 | Swamp:1  | Entered Level 1 of the Swamp
 26021 | Swamp:1  | Reached skill level 1 in Throwing
 26313 | Swamp:1  | Noticed a thorn hunter
 26327 | Swamp:1  | Killed a thorn hunter
 26799 | Swamp:2  | Noticed a fenstrider witch
 26802 | Swamp:2  | Identified Roxanne's Compendium of Evolution
 26802 | Swamp:2  | Noticed Roxanne
 26806 | Swamp:2  | Killed a fenstrider witch
 27158 | Swamp:2  | Demolished by a spriggan berserker

Illustrated notes

Levels and vault maps discovered:
D:1:      minmay_arrival_stair_chambers, layout_basic, serial_shops, shop,
          shop_statue, nicolae_lakefront_shop, chequers_serial_rivers_room_b
D:2:      layout_rooms, minmay_lizard_king, uniq_sigmund, uniq_robin
D:3:      layout_rooms, minitemple, roderic_lattice_a, saegor_snake_ambush
D:4:      layout_gridville, kennysheep_mini, minmay_temple_entry_glass,
          uniq_blork_the_orc
D:5:      layout_layer_cave, fedhas_altar_4, lightli_sewer_entry_pipes
D:6:      gammafunk_wand_slinger, layout_rooms, nicolae_overflow_crystal_walls,
          nrook_loot_triangle, uniq_eustachio, uniq_maggie, uniq_duvessa
D:7:      layout_gridville, nicolae_fountain_basement, uniq_pikel
D:8:      layout_basic, kennysheep_little_box, enter_bailey_4, uniq_erica
D:9:      layout_gridville, grunt_ministairs_7, nicolae_alphabet_shops,
          hangedman_feature_mirror, minivault_23, worms_lemuel
D:10:     layout_layer_cave, nicolae_hepliaklqana_hazy_memory,
          david_lair_generic, minmay_orc_entry_temple_small
D:11:     layout_loops_corners, nicolae_trove_entry_crossroad, nzn_ghost_randoct
D:12:     layout_loops_corners
D:13:     layout_layer_cave, gammafunk_ghost_cemetery
D:14:     layout_basic, skrybe_vaults_entry_preservation, uniq_josephine
D:15:     hangedman_depths_entry_try_elsewhere_first, layout_basic,
          serial_bayou_pond_a, nicolae_lava_and_water, uniq_jorgrun
Temple:   nicolae_temple_bog_church
Lair:1:   layout_hall_layers, grunt_megastairs_4
Lair:2:   layout_loops_ring, swamp_mist_pool,
          hellmonk_spider_entry_life_and_decay, serial_bayou_shore_a
Lair:3:   layout_cave_shapes, hangedman_lair_generics_rect
Lair:4:   layout_cave_shapes, slime_entry_1, basic_altar,
          eino_small_chamber_without_monster, grunt_megastairs_5
Lair:5:   cheibrodos_lair_end_hotspot, layout_cellular_growth, uniq_urug
Swamp:1:  cheibrodos_swamp_tower_of_moss, layout_falls_marsh, serial_swamp_ruin,
          evilmike_swamp_ruin_house_4, evilmike_swamp_ruin_rubble_1,
          hangedman_swamp_ruin_hall
Swamp:2:  layout_basic_swamp, evilmike_swamp_ruin_wall, uniq_roxanne
Orc:1:    layout_caves, minmay_orc_treasury
Orc:2:    grunt_orc_cross, layout_caves, maelrawn_ghost_gauntlet_escape,
          lightli_church_of_beogh

Skill      XL: |  1  2  3  4  5  6  7  8  9 10 11 12 13 14 15 16 |
---------------+-------------------------------------------------+-----
Fighting       | 4 5 6 7 8 9 11 13 14 15 16 | 16.0
Axes           | 5 6 7 8 10 12 16 | 16.0
Invocations    | 1 7 11 14 16 18 20 | 20.7
Armour         | 4 7 9 10 12 | 12.0
Dodging        | 4 5 7 |  7.0
Shields        | 3 7 8 9 |  9.0
Evocations     | 5 7 |  7.0
Throwing       | 4 |  4.1
Stealth        | |  1.5

Action                   |  1- 3 |  4- 6 |  7- 9 | 10-12 | 13-15 | 16-18 || total
-------------------------+-------+-------+-------+-------+-------+-------++-------
Melee: Hand axe          |    25 |    79 |   360 |   678 |  1301 |   244 ||  2687
       War axe           |    60 |    34 |       |       |       |       ||    94
       Punch             |       |     1 |     2 |    11 |       |       ||    14
       Scimitar          |       |       |       |    22 |    45 |     6 ||    73
       Battleaxe         |       |       |       |       |       |   117 ||   117
 Fire: Sling             |       |       |       |       |       |     8 ||     8
Throw: Boomerang         |       |       |     9 |       |    19 |       ||    28
       Dart              |       |       |    11 |       |     4 |       ||    15
Invok: Elemental Force   |       |       |       |     1 |     9 |     9 ||    19
       Disaster Area     |       |       |       |     1 |     3 |     2 ||     6
       Upheaval          |       |       |       |       |       |     1 ||     1
Evoke: Wand              |       |       |       |     3 |     4 |     3 ||    10
       Piece from Xom's  |       |       |       |       |       |     8 ||     8
  Use: Scroll            |     5 |     3 |     4 |    12 |     4 |     3 ||    31
       Potion            |       |       |     3 |     2 |     5 |     6 ||    16
 Stab: Sleeping          |     1 |     1 |       |       |       |       ||     2
       Paralysed         |       |       |       |       |    23 |     9 ||    32
       Distracted        |       |       |       |       |     1 |     4 ||     5
Armor: Leather armour    |     3 |       |       |       |       |       ||     3
       Ring mail         |     6 |    37 |    84 |   138 |    81 |       ||   346
       Robe              |    12 |     5 |       |       |       |       ||    17
       Skin              |       |       |    49 |     1 |       |       ||    50
       Chain mail        |       |       |       |       |   324 |    89 ||   413
       Swamp dragon scal |       |       |       |       |       |    40 ||    40
Dodge: Dodged            |    48 |    41 |   145 |   385 |   539 |   208 ||  1366
       Repelled          |       |       |     1 |     3 |    15 |     2 ||    21
Block: Other             |       |     2 |    44 |   155 |     3 |    58 ||   262
       Buckler           |       |       |       |       |   675 |   122 ||   797

Table legend: (Time is in decaauts)
 A = Elapsed time spent in this place.
 B = Non-inter-level travel time spent in this place.
 C = Inter-level travel time spent in this place.
 D = Time resting spent in this place.
 E = Time spent auto-exploring this place.
 F = Levels seen in this place.
 G = Mean time per level.
                   A        B        C        D        E       F      G
               +--------+--------+--------+--------+--------+-----+--------+
         Total |  26307 |  25194 |   1113 |   4762 |  14874 |  27 |  974.3 |
       Dungeon |  16425 |  15764 |    661 |   2813 |   9928 |  15 | 1095.0 |
        Temple |     85 |     79 |      6 |     24 |     26 |   1 |   85.0 |
          Lair |   5478 |   5132 |    346 |    523 |   3261 |   5 | 1095.6 |
         Swamp |   1290 |   1249 |     41 |    494 |    484 |   2 |  645.0 |
  Orcish Mines |   2000 |   1943 |     57 |    385 |    988 |   2 | 1000.0 |
         Sewer |    585 |    585 |      0 |    303 |    163 |   1 |  585.0 |
        Bailey |    442 |    442 |      0 |    219 |     24 |   1 |  442.0 |
               +--------+--------+--------+--------+--------+-----+--------+

Top non-repeatable levels by time:
     D:4: 1669 daAuts
     D:5: 1607 daAuts
    D:13: 1442 daAuts
   Orc:2: 1401 daAuts
  Lair:5: 1279 daAuts
    D:14: 1265 daAuts
    D:10: 1261 daAuts
     D:2: 1210 daAuts
    D:15: 1191 daAuts
  Lair:2: 1160 daAuts
 Swamp:1: 1143 daAuts
  Lair:4: 1045 daAuts
    D:11: 1023 daAuts
  Lair:3: 1019 daAuts
    D:12: 992 daAuts
